Map: Ley Lines

Players

SkautyDee - Winner!

  • Race: Zerg Zerg
  • League: Platinum
  • Spawn Location: 7:00

osky

  • Race: Zerg Zerg
  • League: Master
  • Spawn Location: 1:00

VOD

Have the link to the VOD?

Description

Time

  • Played on: Oct. 21, 2025, 10:08 p.m.
  • Length: 15:17
Show
View Real Time Build Order
Export as new Build Order

SkautyDee Zerg - Winner!

Build Orders: Pool First 

Get SALT Encoding   

  12  0:01  Drone  
  13  0:14  Overlord  
  13  0:17  Drone  
  14  0:33  Drone x2  
  16  0:37  Drone  
  17  0:45  Spawning Pool  
  16  0:58  Drone  
  17  1:11  Hatchery  
  16  1:18  Drone  
  16  1:19  Drone  
  18  1:28  Drone  
  18  1:30  Overlord  
  19  1:41  Queen  
  21  1:48  Spine Crawler  
  20  1:55  Zergling x4  
  22  2:03  Extractor  
  22  2:04  Drone  
  20  2:32  Zergling x2  
  20  2:33  Zergling x4  
  23  2:43  Zergling x2  
  23  2:44  Zergling x2  
  25  3:04  Queen  
  27  3:06  Queen  
  27  3:12  Drone  
  30  3:13  Drone x5  
  35  3:28  Overlord  
  35  3:29  Overlord  
  35  3:39  Metabolic Boost  
  35  3:52  Roach Warren  
  35  3:53  Drone  
  35  3:54  Drone x4  
  35  3:55  Drone  
  40  3:58  Drone  
  41  4:21  Evolution Chamber  
  40  4:33  Lair  
  40  4:41  Evolution Chamber  
  39  4:48  Drone x5  
  39  4:49  Zergling x2  
  39  4:50  Zergling x12  
  50  5:16  Spore Crawler  
  50  5:20  Spore Crawler  
  46  5:25  Roach x3  
  46  5:27  Overlord x4  
  50  5:36  Drone  
  51  5:53  Spire  
  51  5:55  Drone x3  
  53  5:58  Roach x2  
  53  5:59  Zergling x2  
  53  6:00  Zergling x4  
  60  6:23  Drone  
  60  6:24  Hatchery, Drone x2  
  62  6:37  Queen  
  62  6:38  Hatchery  
  62  6:39  Queen  
  63  6:46  Overlord x2  
  63  6:47  Overlord  
  63  6:50  Zergling x2  
  63  6:51  Zergling x8  
  65  7:07  Overseer  
  65  7:12  Queen, Glial Reconstitution  
  59  7:43  Mutalisk  
  52  7:45  Zergling x28  
  59  7:59  Queen  
  61  8:09  Drone x10  
  61  8:11  Queen  
  67  8:31  Spore Crawler  
  64  8:40  Queen  
  61  9:14  Mutalisk x2  
  64  9:29  Extractor  
  63  9:33  Drone x2, Extractor  
  63  9:34  Drone x2  
  63  9:35  Drone x2  
  63  9:36  Roach  
  63  9:37  Zergling x18  
  63  9:38  Zergling x10  
  84  9:48  Spore Crawler  
  83  9:57  Spore Crawler  
  83  9:58  Spore Crawler  
  78  10:18  Overlord x5  
  78  10:19  Overlord x4  
  71  10:37  Queen  
  71  10:39  Roach x4  
  71  10:40  Roach x5  
  74  11:03  Drone x4  
  74  11:04  Drone x5  
  83  11:07  Extractor  
  83  11:09  Extractor  
  83  11:10  Zergling x2  
  83  11:11  Zergling x12  
  88  11:15  Queen  
  90  11:19  Queen  
  90  11:21  Queen  
  94  11:32  Drone x3  
  97  11:33  Drone x3  
  97  11:34  Mutalisk  
  97  11:35  Mutalisk  
  97  11:37  Zergling x2  
  97  11:38  Zergling x8  
  109  11:51  Queen  
  111  11:55  Queen  
  111  11:56  Queen  
  104  12:24  Mutalisk  
  104  12:25  Mutalisk x2  
  110  12:35  Hydralisk Den  
  100  13:12  Hatchery  
  95  13:42  Mutalisk x7  
  100  14:03  Hydralisk x5  
  102  14:26  Drone x2  
  102  14:27  Drone, Extractor  
  102  14:30  Hydralisk x7  
  118  14:33  Zergling x6  
  118  14:35  Overlord x2  
  118  14:36  Overlord x11  
  112  15:07  Hatchery  
  111  15:16  Hatchery  
Show
View Real Time Build Order
Export as new Build Order

osky Zerg 

Build Orders: Pool First 

Get SALT Encoding   

  12  0:21  Spawning Pool  
  11  0:22  Drone  
  11  0:26  Drone  
  13  0:30  Drone  
  14  0:40  Overlord  
  14  1:09  Zergling x6  
  17  1:15  Queen  
  19  1:22  Zergling x2  
  20  1:31  Drone  
  21  1:41  Extractor  
  21  1:44  Overlord  
  20  1:53  Drone  
  21  1:54  Extractor  
  20  2:08  Spine Crawler  
  20  2:11  Zergling x2  
  20  2:18  Zergling x2  
  20  2:31  Zergling x2  
  20  2:32  Zergling x4  
  23  2:37  Drone  
  21  3:00  Drone x2  
  21  3:01  Hatchery  
  22  3:09  Lair  
  22  3:10  Drone x3  
  24  3:21  Drone  
  25  3:39  Drone  
  25  3:40  Drone  
  27  3:47  Drone  
  28  3:53  Overlord  
  28  4:02  Drone  
  29  4:10  Spire  
  28  4:20  Queen  
  28  4:21  Drone x2  
  32  4:32  Drone x2  
  34  4:47  Drone  
  34  4:48  Spine Crawler, Drone x4  
  38  5:17  Mutalisk x4  
  38  5:20  Overlord x2  
  40  5:34  Queen  
  43  5:35  Drone x2  
  44  5:52  Mutalisk  
  44  5:53  Mutalisk  
  44  5:54  Mutalisk  
  44  5:56  Spine Crawler  
  49  6:02  Mutalisk  
  51  6:04  Drone x2  
  53  6:21  Overlord x2  
  53  6:24  Drone  
  53  6:25  Drone x5  
  59  6:38  Drone  
  58  6:56  Mutalisk  
  58  6:57  Mutalisk x2  
  56  7:12  Drone x4  
  56  7:14  Spine Crawler  
  45  7:31  Mutalisk  
  45  7:57  Mutalisk x2  
  49  8:01  Hatchery  
  49  8:03  Hatchery  
  47  8:11  Zergling x2  
  48  8:26  Mutalisk  
  51  8:58  Drone  
  51  8:59  Drone x4  
  55  9:22  Hatchery  
  54  9:26  Hatchery  
  53  9:33  Drone x5  
  53  9:35  Hatchery  
  57  9:44  Hatchery  
  56  9:47  Mutalisk  
  56  9:50  Spine Crawler  
  57  9:59  Mutalisk  
  52  10:22  Mutalisk  
  52  10:23  Mutalisk x3  
  48  10:43  Drone x2  
  48  10:57  Drone x2  
  50  11:09  Drone x2  
  50  11:10  Drone  
  53  11:11  Hatchery  
  52  11:29  Drone x3  
  55  11:37  Drone  
  55  11:39  Drone  
  57  11:58  Drone x3  
  54  12:25  Drone x4  
  58  12:40  Drone x3  
  61  13:11  Drone  
  61  13:12  Drone x6  
  68  13:33  Drone x6  
  52  14:02  Drone x4  
  50  14:51  Hatchery  
Tags
 
Add a new tag
Caveats
  • Supply blocks, unpowered buildings, or Contaminate may cause inaccurate times.
  • Supply counts are checked every 10 seconds.